 Dungeon Crawl Stone Soup version 0.25-a0-290-g4a1327ee3a (webtiles) character file.

Game seed: 14149315063936470965, levelgen mode: classic

19616 Borgoz the Carver (level 12, 0/113 HPs)
             Began as a Minotaur Berserker on Dec 14, 2019.
             Was an Elder of Trog.
             Slain by a skeletal warrior
             ... wielding a +0 flail
             ... led by a skeletal warrior
              (2 damage)
             ... on level 14 of the Dungeon.
             The game lasted 00:19:01 (11665 turns).

Borgoz the Carver (Minotaur Berserker)             Turns: 11665, Time: 00:19:02

Health: 0/113      AC: 13    Str: 27    XL:     12   Next: 38%
Magic:  11/11      EV: 21    Int:  5    God:    Trog [****..]
Gold:   928        SH:  0    Dex: 11    Spells: 11/11 levels left

rFire    . . .     SeeInvis .   a - +2 falchion (slice)
rCold    . . .     Gourm    .   (no shield)
rNeg     . . .     Faith    .   y - +3 steam dragon scales
rPois    +         Spirit   .   (helmet restricted)
rElec    .         Reflect  .   E - +1 cloak {rPois}
rCorr    .         Harm     .   (no gloves)
MR       .....                  (no boots)
Stlth    +.........             (no amulet)
HPRegen  0.28/turn              u - +3 ring of evasion
MPRegen  0.12/turn              k - +2 ring of strength (curse)

@: berserk cooldown, slowed, very slow
A: retaliatory headbutt, horns 2
a: Berserk, Trog's Hand, Brothers in Arms, Renounce Religion


You were on level 14 of the Dungeon.
You worshipped Trog.
Trog was greatly pleased with you.
You were hungry.

You visited 2 branches of the dungeon, and saw 15 of its levels.

You collected 928 gold pieces.

Inventory:

Hand Weapons
 a - a +2 falchion of slicing (weapon)
 C - a +4 triple sword
Missiles
 A - a throwing net (quivered)
Armour
 y - +3 steam dragon scales (worn)
 E - a +1 cloak of poison resistance (worn)
Jewellery
 k - a cursed +2 ring of strength (right hand)
 u - a +3 ring of evasion (left hand)
 B - an uncursed ring of resist corrosion
Wands
 g - a wand of disintegration (7)
 h - a wand of enslavement (5)
 i - a wand of acid (18)
 n - a wand of paralysis (9)
 w - a wand of polymorph (5)
 z - a wand of flame (27)
Scrolls
 e - 2 scrolls of magic mapping
 j - 2 scrolls of identify
 o - 9 scrolls of remove curse
 t - a scroll of blinking
 x - 4 scrolls of teleportation
 D - a scroll of enchant weapon
Potions
 b - 3 potions of lignification
 d - 10 potions of curing
 f - 2 potions of cancellation
 l - a potion of haste
 m - 2 potions of agility
 p - 2 potions of berserk rage
 q - 2 potions of mutation
 s - a potion of heal wounds
 v - a potion of brilliance
Comestibles
 c - 14 rations
 r - a chunk of flesh


   Skills:
 + Level 12.6 Fighting
 + Level 12.6 Long Blades
 + Level 12.3 Armour
 + Level 11.5 Dodging


You had 11 spell levels left.
You didn't know any spells.
Your spell library was empty.

Dungeon Overview and Level Annotations

Branches:
Dungeon (13/15)            Temple (1/1) D:5            Lair (0/6) D:9
    Orc (0/2) D:9
 Vaults: D:13-14

Altars:
Ashenzari
Cheibriados
Dithmenos
Elyvilon
Fedhas
Gozag
Hepliaklqana
Kikubaaqudgha
Makhleb
Nemelex Xobeh
Okawaru
Qazlal
Ru
Sif Muna
Trog
Uskayaw
Vehumet
Wu Jian
Xom
Yredelemnul
Zin
The Shining One

Portals:
Trove: D:12 (give horn of Geryon)


Innate Abilities, Weirdness & Mutations

You reflexively headbutt those who attack you in melee.
You have a pair of horns on your head.


Message History

Unknown command.
You slash the skeletal warrior! You headbutt the skeletal warrior.
The skeletal warrior is severely damaged.
The skeletal warrior hits you with a +0 trident!!
* * * LOW HITPOINT WARNING * * *
The skeletal warrior hits you with a +0 flail!
* * * LOW HITPOINT WARNING * * *
You barely miss the skeletal warrior. You headbutt the skeletal warrior!
The skeletal warrior is severely damaged.
The skeletal warrior barely misses you. You furiously retaliate!
You headbutt the skeletal warrior.
Unknown command.
Eat one of 2 chunks of flesh? (ye/n/q)
You eat one of the 2 chunks of flesh.
This raw flesh tastes terrible.
You are feeling hungry.
The skeletal warrior hits you with a +0 flail!!
* * * LOW HITPOINT WARNING * * *
The skeletal warrior hits you but does no damage.
The skeletal warrior hits you with a +0 flail.
You die...

*******,,,,,,,,,********,,,,,*,,,
,,,,,,*,,............,,,.....*,,,
,,,,,,***...........,,,,,....##,,
,,,,,,,,*..........#*****#....#,,
,,,,,,,,*..........#,,,,,#....#,,
,,,,,,,,*..........#,,,,,#....#,,
,,,,,,,,*..........+,,,,,+....#,,
*********......z...#,,,,,#....###
,,,,,,,,,,,,**#z@).#,,,,,#.......
,,,,,,,,,,,,* #.)..#######.......
,,********,,* #..................
,,* *,,* #.................. ***
*,,* #....)............. *,,*
#.......########### ****
#.......# #########


You could see 2 skeletal warriors.

Vanquished Creatures
  Josephine (D:11)
  Fannar (D:10)
  A centaur warrior (D:13)
  3 two-headed ogres
  3 skeletal warriors (D:14)
  3 deep elf magi (D:13)
  3 ugly things (D:12)
  Maurice (D:13)
  Psyche (D:9)
  A rime drake (shapeshifter) (D:14)
  A troll (D:12)
  A hornet (D:12)
  Prince Ribbit (D:9)
  4 hippogriffs
  Sigmund (D:6)
  8 yaks (D:12)
  5 wraiths
  2 vampires
  Grum (D:10)
  3 steam dragons
  2 vampire mosquitoes (D:12)
  Menkaure (D:6)
  A hungry ghost (D:3)
  A soldier ant (D:9)
  3 water moccasins
  Duvessa (D:4)
  6 orc warriors
  A black bear (shapeshifter) (D:13)
  3 sky beasts
  2 ice beasts
  4 phantoms
  An eye of draining (D:9)
  5 ogres
  2 wolves (D:10)
  6 centaurs
  4 bullfrogs
  A gnoll sergeant (D:6)
  Dowan (D:4)
  A wyvern zombie (D:11)
  3 scorpions
  4 killer bees (D:10)
  8 wights
  4 crimson imps
  A bullfrog zombie (D:12)
  6 hounds
  2 bullfrog skeletons
  2 iguanas
  2 jellies
  7 orc priests
  11 worker ants
  13 orc wizards
  A statue (D:5)
  2 hound zombies
  A hound skeleton (D:3)
  A worker ant zombie (D:9)
  A howler monkey skeleton (D:10)
  16 gnolls
  13 adders
  4 shadow imps
  3 adder skeletons
  5 worms
  A dart slug (D:2)
  9 leopard geckos
  48 orcs
  3 ball pythons
  9 bats
  3 giant cockroaches
  8 goblins
  7 hobgoblins
  6 jackals
  9 kobolds
  7 quokkas
  3 frilled lizards
  A jackal skeleton (D:4)
  A leopard gecko zombie (D:6)
  9 rats
325 creatures vanquished.

Vanquished Creatures (others)
  An orc (D:13)
1 creature vanquished.

Grand Total: 326 creatures vanquished

Notes
Turn   | Place    | Note
-------+----------+-------------------------------------------
     0 | D:1      | Borgoz the Minotaur Berserker began the quest for the Orb.
     0 | D:1      | Reached XP level 1. HP: 19/19 MP: 0/0
   306 | D:1      | Reached XP level 2. HP: 27/27 MP: 1/1
   329 | D:1      | You fall into a shaft and drop 1 floor!
   374 | D:2      | Reached XP level 3. HP: 26/33 MP: 2/2
   930 | D:1      | Reached ** piety under Trog
  1329 | D:1      | You fall into a shaft and drop 1 floor!
  1678 | D:2      | Reached XP level 4. HP: 40/40 MP: 3/3
  1690 | D:2      | Found a shimmering altar of Xom.
  1690 | D:2      | Found a shimmering altar of Xom.
  1691 | D:2      | Found a shimmering altar of Xom.
  1691 | D:2      | Found a shimmering altar of Xom.
  1866 | D:3      | Reached XP level 5. HP: 45/47 MP: 4/4
  2191 | D:3      | Noticed a hungry ghost
  2214 | D:3      | Killed a hungry ghost
  2214 | D:3      | Reached skill level 5 in Fighting
  2214 | D:3      | Reached skill level 5 in Long Blades
  2214 | D:3      | Reached XP level 6. HP: 49/56 MP: 5/5
  2258 | D:3      | Found an ornate altar of the Wu Jian Council.
  2265 | D:3      | Found a stormy altar of Qazlal.
  2269 | D:3      | Reached *** piety under Trog
  2325 | D:3      | Found a shimmering blue altar of Sif Muna.
  2936 | D:4      | Reached skill level 5 in Armour
  2941 | D:4      | Reached XP level 7. HP: 39/61 MP: 6/6
  2999 | D:4      | Found a shattered altar of Ashenzari.
  3038 | D:4      | Reached **** piety under Trog
  3149 | D:4      | Reached skill level 5 in Dodging
  3208 | D:4      | Noticed Dowan
  3209 | D:4      | Noticed Duvessa
  3217 | D:4      | Killed Duvessa
  3221 | D:4      | Killed Dowan
  3455 | D:5      | Entered Level 5 of the Dungeon
  3467 | D:5      | Reached XP level 8. HP: 57/71 MP: 7/7
  3502 | D:5      | Found a radiant altar of Vehumet.
  3815 | D:5      | Found a staircase to the Ecumenical Temple.
  3836 | Temple   | Entered the Ecumenical Temple
  4004 | D:5      | Found a bloodstained altar of Trog.
  4077 | D:5      | Found a glowing silver altar of Zin.
  4195 | D:6      | Noticed Menkaure
  4208 | D:6      | Killed Menkaure
  4928 | D:6      | Noticed Sigmund
  4936 | D:6      | Killed Sigmund
  4936 | D:6      | Reached XP level 9. HP: 75/81 MP: 8/8
  6686 | D:9      | Noticed Prince Ribbit
  6699 | D:9      | Killed Prince Ribbit
  6705 | D:9      | Reached ***** piety under Trog
  6705 | D:9      | Received a gift from Trog
  6717 | D:9      | Found a staircase to the Orcish Mines.
  6975 | D:9      | Reached XP level 10. HP: 91/91 MP: 9/9
  7595 | D:9      | Noticed Psyche
  7603 | D:9      | Killed Psyche
  7982 | D:9      | Reached skill level 10 in Long Blades
  8013 | D:9      | Found a staircase to the Lair.
  8036 | D:10     | Entered Level 10 of the Dungeon
  8193 | D:10     | Reached skill level 10 in Fighting
  8249 | D:10     | Noticed Fannar
  8260 | D:10     | Killed Fannar
  8260 | D:10     | Reached skill level 10 in Armour
  8352 | D:10     | Noticed Grum
  8361 | D:10     | Killed Grum
  8834 | D:10     | Noticed a two-headed ogre
  8842 | D:10     | Killed a two-headed ogre
  8842 | D:10     | Reached XP level 11. HP: 76/101 MP: 10/10
  9071 | D:11     | Noticed Josephine
  9079 | D:11     | Killed Josephine
  9089 | D:11     | Reached skill level 10 in Dodging
 10231 | D:12     | Found a portal to a secret trove of treasure.
 10427 | D:12     | Received a gift from Trog
 10445 | D:12     | Noticed a cyan ugly thing
 10453 | D:12     | Killed a cyan ugly thing
 10540 | D:12     | Noticed a green ugly thing
 10554 | D:12     | Killed a green ugly thing
 10935 | D:12     | Noticed a green ugly thing
 10940 | D:12     | Killed a green ugly thing
 11001 | D:13     | Noticed Maurice
 11002 | D:13     | Noticed a centaur warrior
 11002 | D:13     | Noticed a deep elf mage
 11002 | D:13     | Noticed a deep elf mage
 11012 | D:13     | Killed Maurice
 11014 | D:13     | Killed a deep elf mage
 11017 | D:13     | Killed a centaur warrior
 11018 | D:13     | Noticed a deep elf mage
 11379 | D:13     | Killed a deep elf mage
 11379 | D:13     | Reached XP level 12. HP: 91/112 MP: 11/11
 11536 | D:13     | You fall into a shaft and drop 1 floor!
 11603 | D:14     | Noticed a two-headed ogre
 11609 | D:14     | Noticed a two-headed ogre
 11610 | D:14     | Killed a two-headed ogre
 11618 | D:14     | Killed a two-headed ogre
 11665 | D:14     | HP: 2/113 [skeletal warrior/+0 flail[a skeletal warrior]
                  | (20)]
 11665 | D:14     | Slain by a skeletal warrior

Levels and vault maps discovered:
D:1:      minmay_arrival_jagged, layout_basic
D:2:      layout_basic, xom_redecorated, minmay_heptomino_l4
D:3:      layout_loops_ring, lemuel_doored_altar, grunt_temple_overflow_open,
          first_ration
D:4:      layout_rooms, nicolae_ashenzari_panopticon, uniq_duvessa
D:5:      layout_basic, zin_statuary, vehumet_statue,
          minmay_temple_entry_statues_pillars, trog_book
D:6:      layout_loops_ring, uniq_menkaure, uniq_sigmund
D:7:      layout_loops_ring
D:8:      layout_rooms
D:9:      layout_basic, lair_entry_dummy, david_orc_3, special_room
          [special_room_orc], uniq_prince_ribbit1, uniq_psyche
D:10:     layout_loops_corners, uniq_grum, uniq_fannar
D:11:     layout_loops_cross, uniq_josephine
D:12:     layout_stronghold, enter_trove_6
D:13:     layout_loops_ring, uniq_maurice
D:14:     layout_irregular_city, david_vaults_2, kennysheep_another_room,
          enter_bailey_2, uniq_rupert
Temple:   eino_wide_crystal_templ

Skill      XL: |  1  2  3  4  5  6  7  8  9 10 11 12 |
---------------+-------------------------------------+-----
Fighting       | 4 5 6 8 9 10 12 | 12.6
Long Blades    | 4 5 6 8 9 10 12 | 12.6
Armour         | 3 4 5 6 7 9 10 11 12 | 12.3
Dodging        | 3 4 5 6 8 9 11 | 11.5

Action                   |  1- 3 |  4- 6 |  7- 9 | 10-12 || total
-------------------------+-------+-------+-------+-------++-------
Melee: Falchion          |    76 |   137 |   319 |   466 ||   998
       Headbutt          |    11 |    29 |    91 |   151 ||   282
Invok: Berserk           |       |       |     5 |     7 ||    12
       Trog's Hand       |       |       |     1 |     3 ||     4
  Use: Scroll            |       |     7 |     6 |    12 ||    25
       Potion            |       |       |     1 |     3 ||     4
 Stab: Sleeping          |       |       |       |     2 ||     2
  Eat: Chunk             |     2 |     7 |    18 |    19 ||    46
       Ration            |       |     1 |       |     1 ||     2
Armor: Ring mail         |    39 |    47 |    51 |       ||   137
       Steam dragon scal |       |       |    12 |    93 ||   105
       Skin              |       |       |     1 |       ||     1
Dodge: Dodged            |    61 |    72 |   198 |   326 ||   657
       Rpst.: Falchion   |    13 |    19 |    52 |    96 ||   180

Table legend:
 A = Non-vault XP
 B = Vault XP
 C = Vault XP percentage of total XP
 D = Non-vault monster count
 E = Vault monster count
 F = Vault count percentage of total count
                 A         B        C        D         E       F
            +---------+---------+-------+---------+---------+-------
      Total |   22020 |    6004 |  21.4 |     273 |      52 |  16.0
            +---------+---------+-------+---------+---------+-------
        D:1 |      35 |       0 |   0.0 |      20 |       0 |   0.0
        D:2 |      61 |       5 |   7.6 |      20 |       3 |  13.0
        D:3 |     535 |       0 |   0.0 |      34 |       0 |   0.0
        D:4 |     407 |     225 |  35.6 |      33 |       2 |   5.7
        D:5 |     496 |      32 |   6.1 |       8 |       1 |  11.1
        D:6 |     897 |     403 |  31.0 |      26 |       2 |   7.1
        D:7 |    1076 |       0 |   0.0 |      17 |       0 |   0.0
        D:8 |     627 |       0 |   0.0 |      16 |       0 |   0.0
        D:9 |    1107 |    1601 |  59.1 |      18 |      34 |  65.4
       D:10 |    2554 |    1368 |  34.9 |      25 |       4 |  13.8
       D:11 |     767 |    1890 |  71.1 |      14 |       5 |  26.3
       D:12 |    5258 |       0 |   0.0 |      25 |       0 |   0.0
       D:13 |    3148 |     480 |  13.2 |       8 |       1 |  11.1
       D:14 |    5052 |       0 |   0.0 |       9 |       0 |   0.0
            +---------+---------+-------+---------+---------+-------
